 Dungeon Crawl Stone Soup version 0.25-a0-780-g622e69b31f (webtiles) character file.

Game seed: 17244728345921095660, levelgen mode: deterministic

328 Hasart the Chiller (level 6, -1/32 HPs)
             Began as a Deep Elf Ice Elementalist on Apr 14, 2020.
             Was a Believer of Vehumet.
             Killed by miscasting Summon Ice Beast (13 damage)
             ... on level 4 of the Dungeon.
             The game lasted 00:10:05 (4366 turns).

Hasart the Chiller (Deep Elf Ice Elementalist)      Turns: 4366, Time: 00:10:06

Health: -1/32      AC:  4    Str:  5    XL:     6   Next: 25%
Magic:  3/15       EV: 14    Int: 22    God:    Vehumet [**....]
Gold:   173        SH:  0    Dex: 15    Spells: 2/14 levels left

rFire    . . .     SeeInvis .   v - +4 hand axe
rCold    . . .     Gourm    .   (no shield)
rNeg     . . .     Faith    .   a - +0 robe
rPois    .         Spirit   .   m - +0 helmet
rElec    .         Reflect  .   (no cloak)
rCorr    .         Harm     .   i - +0 pair of gloves
MR       .....                  (no boots)
Stlth    ++........             (no amulet)
HPRegen  0.10/turn              r - ring of flight
MPRegen  0.14/turn              (no ring)

@: very slightly contaminated
A: no striking features
a: Renounce Religion, Evoke Flight


You were on level 4 of the Dungeon.
You worshipped Vehumet.
Vehumet was pleased with you.
You were near starving.

You visited 1 branch of the dungeon, and saw 4 of its levels.

You collected 173 gold pieces.

Inventory:

Hand Weapons
 v - a +4 hand axe (weapon)
Armour
 a - a +0 robe (worn)
 i - a +0 pair of gloves (worn)
 m - a +0 helmet (worn)
Jewellery
 f - an uncursed ring of fire
 r - a ring of flight (left hand)
Wands
 w - a wand of iceblast (7)
Scrolls
 d - a scroll of blinking {unknown}
 e - 6 scrolls of identify {unknown}
 g - 2 scrolls of fog {unknown}
 h - 2 scrolls of immolation {unknown}
 n - a scroll of enchant armour {unknown}
 s - a scroll of enchant weapon {unknown}
 t - 3 scrolls of remove curse {unknown}
 u - a scroll of magic mapping {unknown}
Potions
 b - a potion of flight {unknown}
 j - a potion of might {unknown}
 k - 2 potions of heal wounds {unknown}
 l - 3 potions of curing
 o - a potion of degeneration {unknown}
 p - a potion of ambrosia {unknown}
 q - a potion of berserk rage {unknown}
 z - a potion of lignification {unknown}
Comestibles
 c - 8 rations


   Skills:
 + Level 4.2 Dodging
 - Level 2.4 Stealth
 + Level 4.9 Spellcasting
 + Level 0.3 Conjurations
 + Level 2.1 Summonings
 * Level 6.3 Ice Magic


You had 2 spell levels left.
You knew the following spells:

 Your Spells              Type           Power        Failure   Level  Hunger
a - Freeze                Ice            ####         1%          1    None
b - Frozen Ramparts       Ice            ####..       2%          3    ##.....
c - Summon Ice Beast      Ice/Summ       ###.....     19%         4    ####...
d - Hailstorm             Conj/Ice       ###.....     26%         4    ####...

Your spell library contained the following spells:

 Spells                   Type           Power        Failure   Level  Hunger
 Magic Dart               Conj           #...         9%          1    None
 Ozocubu's Armour         Chrm/Ice       ###.....     9%          3    ##.....


Dungeon Overview and Level Annotations

Branches:
Dungeon (4/15)
 Temple: D:4-7

Altars:
Okawaru
Uskayaw
Vehumet


Message History

You see here 9 stones.
You are near starving!
There is a stone staircase leading down here.
There is a stone staircase leading down here.
You climb downwards.
The phantom completely misses you.
The phantom hits you but does no damage.
There is a stone staircase leading up, spattered with blood here.
Casting: Summon Ice Beast (quite dangerous; 19% risk of failure)
Confirm with . or Enter, or press ? or * to list all spells.
A chill wind blows around you. The phantom hits you.
Unknown command.
Casting: Summon Ice Beast (quite dangerous; 19% risk of failure)
Confirm with . or Enter, or press ? or * to list all spells.
You miscast Summon Ice Beast.
You are very lightly contaminated with residual magic.
You are covered in a thin layer of ice!
The phantom closely misses you.
Casting: Summon Ice Beast (quite dangerous; 19% risk of failure)
Confirm with . or Enter, or press ? or * to list all spells.
You miscast Summon Ice Beast.
A chill runs through your body!
You die...

########## #........#
#........#
######........#
#.............# [
#.............# .
#.............##
.##............W@#######
...............Y........
.>....##....#........###
...................###
...................#
...................#
.....................
......$...........####
............##...##


You could see a phantom and a friendly ice beast.

Vanquished Creatures
  An orc priest (D:3)
  4 orc wizards (D:3)
  2 worker ants
  4 adders
  3 worms
  3 dart slugs (D:1)
  2 leopard geckos (D:2)
  17 orcs
  A ball python (D:2)
  11 bats
  2 giant cockroaches
  8 goblins
  5 hobgoblins
  2 jackals (D:3)
  2 quokkas
  A frilled lizard (D:1)
  10 kobolds
  12 rats
90 creatures vanquished.

Vanquished Creatures (others)
  A bat (D:3)
1 creature vanquished.

Grand Total: 91 creatures vanquished

Notes
Turn   | Place    | Note
-------+----------+-------------------------------------------
     0 | D:1      | Hasart the Deep Elf Ice Elementalist began the quest for
                  | the Orb.
     0 | D:1      | Reached XP level 1. HP: 10/10 MP: 6/6
   201 | D:1      | Reached XP level 2. HP: 15/15 MP: 1/8
   974 | D:2      | Found a radiant altar of Vehumet.
   975 | D:2      | Reached skill level 5 in Ice Magic
   983 | D:2      | Became a worshipper of Vehumet
   984 | D:2      | Reached XP level 3. HP: 19/19 MP: 8/10
  1075 | D:2      | Found an iron altar of Okawaru.
  1344 | D:2      | Reached XP level 4. HP: 22/24 MP: 4/11
  1351 | D:2      | Learned a level 3 spell: Frozen Ramparts
  1356 | D:2      | Learned a level 4 spell: Summon Ice Beast
  1669 | D:3      | Reached * piety under Vehumet
  1669 | D:3      | Offered knowledge of Foxfire by Vehumet.
  1871 | D:3      | Reached skill level 1 in Summonings
  1871 | D:3      | Reached XP level 5. HP: 23/28 MP: 10/13
  1893 | D:3      | Reached skill level 6 in Ice Magic
  2197 | D:3      | Reached XP level 6. HP: 3/32 MP: 5/15
  2452 | D:3      | Learned a level 4 spell: Hailstorm
  2645 | D:3      | Reached ** piety under Vehumet
  2645 | D:3      | Offered knowledge of Magic Dart by Vehumet.
  2912 | D:3      | Found a hide-covered altar of Uskayaw.
  4366 | D:4      | Killed by miscasting Summon Ice Beast

Levels and vault maps discovered:
D:1:      dpeg_arrival_court, layout_basic
D:2:      kennysheep_big_flooded_room, layout_basic, okawaru_ov_weapons_minmay,
          nicolae_overflow_crystal_walls
D:3:      layout_basic, eat_drink_and_be_merry_uskayaw, hangedman_decor_lopped
D:4:      layout_rooms, hellmonk_ghost_happy_afterlife

Skill      XL: |  1  2  3  4  5  6 |
---------------+-------------------+-----
Ice Magic      | 5 6 |  6.3
Dodging        | 3 4 |  4.2
Spellcasting   | 4 |  4.9
Summonings     | 1 2 |  2.1
Stealth        | |  2.4
Conjurations   | |  0.3

Action                   |  1- 3 |  4- 6 || total
-------------------------+-------+-------++-------
Melee: Dagger            |    17 |       ||    17
       Hand axe          |       |    27 ||    27
 Cast: Freeze            |    57 |    80 ||   137
       Summon Ice Beast  |       |     8 ||     8
  Use: Potion            |       |     1 ||     1
 Stab: Sleeping          |     2 |       ||     2
  Eat: Chunk             |     1 |     9 ||    10
Armor: Robe              |    19 |    18 ||    37
Dodge: Dodged            |    38 |    51 ||    89

Table legend:
 A = Non-vault XP
 B = Vault XP
 C = Vault XP percentage of total XP
 D = Non-vault monster count
 E = Vault monster count
 F = Vault count percentage of total count
                 A         B        C        D         E       F
            +---------+---------+-------+---------+---------+-------
      Total |     463 |       6 |   1.3 |      88 |       2 |   2.2
            +---------+---------+-------+---------+---------+-------
        D:1 |      37 |       0 |   0.0 |      21 |       0 |   0.0
        D:2 |      62 |       6 |   8.8 |      21 |       2 |   8.7
        D:3 |     315 |       0 |   0.0 |      43 |       0 |   0.0
        D:4 |      49 |       0 |   0.0 |       3 |       0 |   0.0
            +---------+---------+-------+---------+---------+-------
